 Dungeon Crawl Stone Soup version 0.29-a0-222-g5b244fca1f (webtiles) character file.

Game seed: 15029406072460109005

134 jlumianski the Chopper (level 4, -1/33 HPs)
             Began as a Demonspawn Gladiator on Feb 27, 2022.
             Slain by a gnoll
             ... wielding a +0 spear
              (5 damage)
             ... on level 2 of the Dungeon.
             The game lasted 00:05:49 (1817 turns).

jlumianski the Chopper (Demonspawn Gladiator)       Turns: 1817, Time: 00:05:50

Health: -1/33      AC:  7    Str: 17    XL:     4   Next: 95%
Magic:  4/4        EV:  6    Int:  9    God:
Gold:   160        SH:  0    Dex: 14    Spells: 3/3 levels left

rFire   + . .      SeeInvis .   a - +0 war axe
rCold   + . .      Faith    .   (no shield)
rNeg    . . .      Spirit   .   h - +0 ring mail of Ashreg {rF+}
rPois   .          Reflect  .   c - +0 helmet
rElec   .          Harm     .   (no cloak)
rCorr   +          Rampage  .   i - +0 pair of gloves
Will    .....                   (no boots)
Stlth   +.........              (no amulet)
HPRegen 0.11/turn               e - ring of resist corrosion
MPRegen 0.18/turn               n - ring of protection from cold

@: held
A: claws 1, magic regeneration, weakness stinger 1
a: no special abilities


You were on level 2 of the Dungeon.
You visited 1 branch of the dungeon, and saw 7 of its levels.

You collected 160 gold pieces.

Inventory:

Hand Weapons
 a - a +0 war axe (weapon)
Missiles
 d - 3 throwing nets (quivered)
 j - 47 stones
 m - 4 atropa-tipped darts
Armour
 b - a +0 leather armour
 c - a +0 helmet (worn)
 h - the +0 ring mail of Ashreg (worn) {rF+}
   (You found it on level 3 of the Dungeon)

   rF:        It protects you from fire.
 i - a +0 pair of gloves (worn)
Jewellery
 e - a ring of resist corrosion (left hand)
 n - a ring of protection from cold (right hand)
Wands
 f - a wand of flame (11)
Scrolls
 k - a scroll of teleportation {unknown}
 l - a scroll of summoning {unknown}
Potions
 g - a potion of heal wounds {unknown}


   Skills:
 + Level 2.3 Fighting
 + Level 3.8 Axes
 + Level 2.0 Throwing
 + Level 1.7 Armour
 + Level 3.5 Dodging
 + Level 0.1 Stealth


You had 3 spell levels left.
You didn't know any spells.
Your spell library contained the following spells:

 Spells                   Type           Power      Damage    Failure   Level
 Shock                    Conj/Air       0%         1d3       58%         1
 Ignite Poison            Fire/Tmut/Pois 0%         N/A       91%         3
 Mephitic Cloud           Conj/Pois/Air  0%         N/A       91%         3
 Swiftness                Air            0%         N/A       91%         3
 Airstrike                Air            0%         N/A       100%        4
 Freezing Cloud           Conj/Ice/Air   0%         6-21      100%        5


Dungeon Overview and Level Annotations

Branches:
Dungeon (7/15)
 Temple: D:4-7

Altars:
Kikubaaqudgha


Innate Abilities, Weirdness & Mutations

You have sharp fingernails.
You regenerate magic rapidly.
You have a small tail.


Message History

A gnoll comes into view. It is wielding a +0 club.
The gnoll shouts!
You hear a shout!
A gnoll comes into view. It is wielding a +0 spear.
A gnoll comes into view. It is wielding a +0 spear.
The gnoll shouts!
You hit the gnoll.
The gnoll is moderately wounded.
The gnoll hits you from afar with a +0 spear.
You slash the gnoll!
You kill the gnoll!
The gnoll hits you from afar with a +0 spear.
The gnoll throws a throwing net.
The throwing net hits you.
You become entangled in the net!
You tear a large gash into the net.
The gnoll hits you from afar with a +0 spear.
You struggle against the net.
The gnoll completely misses you. The gnoll hits you but does no damage.
You struggle against the net.
The gnoll hits you from afar with a +0 spear. x2
You rip the net and break free!
The gnoll closely misses you. x2
The gnoll barely misses you. The gnoll hits you with a +0 spear.
You hit the gnoll but do no damage. You barely miss the gnoll.
The gnoll hits you with a +0 spear.
* * * LOW HITPOINT WARNING * * *
The gnoll closely misses you.
You closely miss the gnoll.
You tail-slap the gnoll, but do no damage.
You closely miss the gnoll. The gnoll hits you but does no damage.
The gnoll misses you. The gnoll closely misses you. x2
The gnoll closely misses you.
The gnoll throws a throwing net.
The throwing net hits you.
You become entangled in the net!
Things that are here:
a throwing net; a +0 club You struggle against the net.
The gnoll hits you from afar with a +0 spear.
* * * LOW HITPOINT WARNING * * *
The gnoll hits you but does no damage.
You struggle against the net.
The gnoll hits you from afar with a +0 spear.
You die...

### #..........
#..#######.#########
####..........######
##....#....†)†......#
##..>.......#######....
#............# ##
#.....g......########
#.....g..............
##......@...#########
##...##...## #### ###.#
#.# #.# #.. ... ...


You could see 2 gnolls.

Vanquished Creatures
  2 hounds
  2 gnolls (D:2)
  3 adders
  A dart slug (D:1)
  4 bats
  3 endoplasms (D:1)
  A giant cockroach (D:1)
  2 hobgoblins (D:1)
  5 ball pythons
  A frilled lizard (D:1)
  2 goblins (D:1)
  3 kobolds (D:1)
  7 rats
36 creatures vanquished.

Notes
Turn   | Place    | Note
-------+----------+-------------------------------------------
     0 | D:1      | jlumianski the Demonspawn Gladiator began the quest for the
                  | Orb.
     0 | D:1      | Reached XP level 1. HP: 16/16 MP: 1/1
   228 | D:1      | Gained mutation: You regenerate magic rapidly. [demonic
                  | ancestry]
   228 | D:1      | Reached XP level 2. HP: 18/22 MP: 2/2
   317 | D:2      | You fall into a shaft and drop 2 floors!
   477 | D:5      | Entered Level 5 of the Dungeon
   566 | D:6      | Discovered your monstrous ancestry.
   566 | D:6      | Gained mutation: You have sharp fingernails. [demonic
                  | ancestry]
   566 | D:6      | Reached XP level 3. HP: 18/27 MP: 3/3
   674 | D:7      | Noticed a killer bee
   674 | D:7      | Noticed a killer bee
   674 | D:7      | Noticed a killer bee
   675 | D:7      | Noticed a killer bee
   707 | D:5      | Reached skill level 1 in Armour
   707 | D:5      | Gained mutation: You have a small tail. [demonic ancestry]
   707 | D:5      | Reached XP level 4. HP: 18/33 MP: 4/4
   732 | D:4      | Found an ancient bone altar of Kikubaaqudgha.
   856 | D:3      | Identified the +0 ring mail of Ashreg {rF+}
  1817 | D:2      | Slain by a gnoll

Illustrated notes

Levels and vault maps discovered:
D:1:      dpeg_arrival_three_smaller_balls, layout_basic
D:2:      layout_rooms, nicolae_underground_beach
D:3:      layout_loops_cross
D:4:      layout_basic, kiku_gazebo_garden_becter
D:5:      layout_cave_pools, gammafunk_ghost_abyssal_escape,
          minmay_misc_feat_more_columns, hex_medium, uniq_ijyb
D:6:      layout_cave_pods, grunt_decor_junction, minmay_ruined_shrine
D:7:      layout_cave_pools, gammafunk_temple_overflow_claw,
          minmay_temple_entry_slanted

Skill      XL: |  1  2  3 |
---------------+----------+-----
Axes           | 3 |  3.8
Dodging        | 3 |  3.5
Throwing       | 2 |  2.0
Armour         | 1 |  1.7
Fighting       | |  2.3
Stealth        | |  0.1

Action                   |  1- 3 |  4- 6 || total
-------------------------+-------+-------++-------
Melee: War axe           |    39 |    59 ||    98
       Tailslap          |       |     4 ||     4
       Punch             |       |     2 ||     2
Armor: Leather armour    |    14 |       ||    14
       Ring mail         |       |    33 ||    33
Dodge: Dodged            |    35 |    44 ||    79

Table legend: (Time is in decaauts)
 A = Elapsed time spent in this place.
 B = Non-inter-level travel time spent in this place.
 C = Inter-level travel time spent in this place.
 D = Time resting spent in this place.
 E = Time spent auto-exploring this place.
 F = Levels seen in this place.
 G = Mean time per level.
                   A        B        C        D        E       F      G
               +--------+--------+--------+--------+--------+-----+--------+
         Total |   1851 |   1818 |     33 |     99 |   1080 |   7 |  264.4 |
       Dungeon |   1851 |   1818 |     33 |     99 |   1080 |   7 |  264.4 |
               +--------+--------+--------+--------+--------+-----+--------+

Top non-repeatable levels by time:
     D:1: 972 daAuts
     D:2: 265 daAuts
     D:4: 197 daAuts
     D:3: 159 daAuts
     D:6: 138 daAuts
     D:5: 115 daAuts
     D:7: 1 daAuts
